[Event "Late-Titled-Tuesday-Blitz-October-03-2023"]
[Site "Chess.com"]
[Date "2023.10.03"]
[Round "5"]
[White "jerry_77"]
[Black "sofaceindisguise"]
[Result "0-1"]
[WhiteElo "2609"]
[BlackElo "2824"]
[TimeControl "180+1"]
[EndTime "14:48:28 PDT"]
[Termination "sofaceindisguise won by resignation"]

1. e4 c5 2. Nf3 e6 3. d4 cxd4 4. Nxd4 Nf6 5. Nc3 Nc6 6. Ndb5 Bc5 7. Nd6+ Ke7 8. Nxc8+ Rxc8 9. Bd3 Qc7 10. h3 h5 11. f4 h4 12. Qg4 Nxg4 0-1

[Event "Late-Titled-Tuesday-Blitz-October-03-2023"]
[Site "Chess.com"]
[Date "2023.10.03"]
[Round "5"]
[White "YouShallNotPass001"]
[Black "AyMitecK"]
[Result "0-1"]
[WhiteElo "2392"]
[BlackElo "2547"]
[TimeControl "180+1"]
[EndTime "14:49:12 PDT"]
[Termination "AyMitecK won by resignation"]

1. Nf3 e6 2. e3 Nf6 3. Be2 d5 4. O-O c5 5. c4 Nc6 6. b3 d4 7.
exd4 cxd4 8. d3 Bc5 9. a3 a5 10.
Bb2 O-O 11. Nbd2 e5 12. Re1 Re8 13. h3 h6 14. Bf1 Bf5 15. Nh4 Bh7 16. Qf3 e4 17. dxe4 Ne5 18. Qg3 Nh5 19. Qh2 Qxh4 20. g3 Qg5 21. f4 Nxf4 22. Kh1 Nfd3 23. Bxd3 Nxd3 0-1

[Event "Late-Titled-Tuesday-Blitz-October-03-2023"]
[Site "Chess.com"]
[Date "2023.10.03"]
[Round "5"]
[White "rookoco"]
[Black "zverr1"]
[Result "1-0"]
[WhiteElo "2755"]
[BlackElo "2526"]
[TimeControl "180+1"]
[EndTime "14:49:24 PDT"]
[Termination "rookoco won by resignation"]

1. e4 c5 2. c3 g6 3. d4 cxd4 4. cxd4 d5 5. e5 a6 6. h3 Nc6 7. Nf3 Bg7 8. Be2 f6 9. exf6 Nxf6 10. O-O O-O 11. Nc3 Nh5 12. Re1 Nf4 13. Bf1 Qd6 14.
Ne5 Nxe5 15. dxe5 Bf6 16. exd6 1-0

[Event "Late-Titled-Tuesday-Blitz-October-03-2023"]
[Site "Chess.com"]
[Date "2023.10.03"]
[Round "5"]
[White "slorovel"]
[Black "Verony64"]
[Result "1-0"]
[WhiteElo "2487"]
[BlackElo "2234"]
[TimeControl "180+1"]
[EndTime "14:49:32 PDT"]
[Termination "slorovel won by resignation"]

1. a3 d6 2. d4 Nd7 3. c4 c6 4. Nc3 e5 5. Nf3 f5 6. Bg5 Be7 7. Bxe7 Qxe7 8. e3 Ngf6 9. Be2 O-O 10. O-O e4 11. Nd2 d5 12. cxd5 cxd5 13. Qb3 Qf7 14. f3 f4 15. fxe4 fxe3 16. Nf3 dxe4 17. Bc4 exf3 18.
Bxf7+ Rxf7 19. Rxf3 Nf8 20. Rxe3 Bf5 21. Rf1 g6 22. Re7 1-0

[Event "Late-Titled-Tuesday-Blitz-October-03-2023"]
[Site "Chess.com"]
[Date "2023.10.03"]
[Round "5"]
[White "protectiago"]
[Black "queen_iryna"]
[Result "0-1"]
[WhiteElo "2060"]
[BlackElo "2365"]
[TimeControl "180+1"]
[EndTime "14:49:37 PDT"]
[Termination "queen_iryna won by resignation"]

1. d4 d6 2. c4 e5 3. dxe5 dxe5 4. Qxd8+ Kxd8 5. g3 c6 6. Bg2 Be6 7. b3 Nd7 8. Bb2 f6 9. Nf3 Kc7 10. O-O a5 11. Nc3 Ne7 12. Rfd1 Nc8 13. Rac1 Ncb6 14. e4 Bc5 15. a3 Rhd8 16. Ne1 Bd4 17. Rc2 Nc5 18. b4 axb4 19. axb4 Nca4 20. Nxa4 Nxa4 21.
Bxd4 Rxd4 22. Rxd4 exd4 23. c5 Rd8 24. Nd3 Bb3 25.
Rd2 Bc4 26. Nf4 Nc3 27. Bf1 Bxf1 28. Ne6+ Kc8 29. Nxd8 Bh3 30. Rxd4 Ne2+ 0-1

[Event "Late-Titled-Tuesday-Blitz-October-03-2023"]
[Site "Chess.com"]
[Date "2023.10.03"]
[Round "5"]
[White "azikom"]
[Black "Nick12772"]
[Result "1-0"]
[WhiteElo "2588"]
[BlackElo "2359"]
[TimeControl "180+1"]
[EndTime "14:50:18 PDT"]
[Termination "azikom won by resignation"]

1. c4 Nf6 2. Nc3 d5 3. cxd5 Nxd5 4. Nf3 g6 5. Qa4+ c6 6. Nxd5 Qxd5 7. g3 Bg7 8. Bg2 O-O 9. d3 Nd7 10. O-O Nc5 11.
Qa3 Qd6 12. Bf4 e5 13. Be3 b6 14. Rac1 Nb7 15. Qxd6 Nxd6 16. Rxc6 Nb5 17. a4 Bb7 18.
axb5 Bxc6 19. bxc6 Rac8 20. Nd2 f5 21. Nc4 e4 22. dxe4 Rxc6 23. exf5 Rxc4 24. Bd5+ Kh8 25. Bxc4 Rxf5 26. b3 1-0

[Event "Late-Titled-Tuesday-Blitz-October-03-2023"]
[Site "Chess.com"]
[Date "2023.10.03"]
[Round "5"]
[White "Aariow"]
[Black "ozates"]
[Result "0-1"]
[WhiteElo "2474"]
[BlackElo "2631"]
[TimeControl "180+1"]
[EndTime "14:50:39 PDT"]
[Termination "ozates won by resignation"]

1. Nf3 c5 2. e3 Nc6 3. b3 e5 4.
Bb2 d6 5. Bb5 Ne7 6. O-O a6 7.
Be2 g6 8. d4 exd4 9. exd4 Bg7 10. c3 O-O 11. dxc5 dxc5 12. Nbd2 Nd5 13. Qc1 Nf4 14. Re1 Re8 15. Bf1 Bf5 16. Rxe8+ Qxe8 17. Nc4 Bh6 18. Nd6 Qd7 19. Nxf5 Nh3+ 20. gxh3 Bxc1 21.
Rxc1 Qxf5 22. Bg2 Re8 23. c4 Re2 24. Bc3 Nd4 25. Bxd4 cxd4 26. Rd1 d3 27. b4 Rxa2 28. c5 Qe4 29. Rb1 Qe2 30. Rf1 d2 31. Nd4 Qxf1+ 0-1

[Event "Late-Titled-Tuesday-Blitz-October-03-2023"]
[Site "Chess.com"]
[Date "2023.10.03"]
[Round "5"]
[White "FM_Kappeler"]
[Black "Doudou2015"]
[Result "1-0"]
[WhiteElo "2313"]
[BlackElo "2147"]
[TimeControl "180+1"]
[EndTime "14:50:43 PDT"]
[Termination "FM_Kappeler won by checkmate"]

1. d4 d5 2. c4 e6 3. Nf3 c6 4.
g3 Nf6 5. Bg2 Nbd7 6. O-O Be7 7.
Nbd2 O-O 8. Qc2 b6 9. e4 dxe4 10. Nxe4 Nxe4 11. Qxe4 Bb7 12. Re1 Nf6 13. Qe2 c5 14. d5 Re8 15. dxe6 fxe6 16. Qxe6+ Kh8 17. Ng5 Qc8 18. Nf7+ Kg8 19. Nh6+ Kh8 20. Qg8+ Rxg8 21. Nf7# 1-0

[Event "Late-Titled-Tuesday-Blitz-October-03-2023"]
[Site "Chess.com"]
[Date "2023.10.03"]
[Round "5"]
[White "mishanick"]
[Black "Ali_rastbod"]
[Result "1-0"]
[WhiteElo "3016"]
[BlackElo "2707"]
[TimeControl "180+1"]
[EndTime "14:50:55 PDT"]
[Termination "mishanick won by resignation"]

1. d4 g6 2. e4 Bg7 3. c4 e6 4.
Nc3 Ne7 5. Nf3 d5 6. Bd3 O-O 7. O-O b6 8. h3 Bb7 9. cxd5 exd5 10. e5 c5 11. Bf4 Nbc6 12. Nb5 Ba6 13. a4 Nb4 14. Be2 Nec6 15. Rc1 c4 16. b3 Na5 17.
Bd2 Nbc6 18. bxc4 Nxc4 19. Bc3 Bxb5 20. axb5 N6a5 21. Re1 Qd7 22. Qa4 Rac8 23. Nd2 Bh6 24. Bg4 Qb7 25. Bxc8 Rxc8 26. Bxa5 1-0

[Event "Late-Titled-Tuesday-Blitz-October-03-2023"]
[Site "Chess.com"]
[Date "2023.10.03"]
[Round "5"]
[White "jaskol95"]
[Black "vladislavkovalev"]
[Result "0-1"]
[WhiteElo "2640"]
[BlackElo "2878"]
[TimeControl "180+1"]
[EndTime "14:51:02 PDT"]
[Termination "vladislavkovalev won by resignation"]

1. d4 Nf6 2. Nc3 d5 3. Bf4 a6 4. e3 b5 5. a3 e6 6. b4 c6 7. Nf3 a5 8. Rb1 axb4 9. axb4 Nbd7 10. Bd3 Be7 11. Bxb5 cxb5 12. Nxb5 O-O 13. O-O Ba6 14. c4 Bxb5 15. cxb5 Qb6 16. Qd3 Bd6 17. Bxd6 Qxd6 18. Rfc1 Rfb8 19. Rc6 Qe7 20. Rbc1 g6 21. Rc7 Qxb4 22.
Ne5 Nxe5 23. dxe5 Ng4 24. f4 Qxb5 25. Rc8+ Rxc8 26. Rxc8+ Rxc8 27. Qxb5 Rc1+ 0-1

[Event "Late-Titled-Tuesday-Blitz-October-03-2023"]
[Site "Chess.com"]
[Date "2023.10.03"]
[Round "5"]
[White "Arystanner"]
[Black "chessisveryfun1264"]
[Result "1-0"]
[WhiteElo "2834"]
[BlackElo "2606"]
[TimeControl "180+1"]
[EndTime "14:51:03 PDT"]
[Termination "Arystanner won by resignation"]

1. d4 e6 2. c4 b6 3. Nc3 Bb7 4. Qc2 Bb4 5. Nf3 Nf6 6. e3 O-O 7. Bd3 c5 8. a3 Bxc3+ 9. Qxc3 Ne4 10. Qc2 f5 11. O-O d6 12. Nd2 Ng5 13. b4 Rf6 14. f3 Rg6 15. Kh1 Rh6 16. e4 Qe8 17. Nb3 Qh5 18.
Bf4 Nc6 19. exf5 Nxd4 20. Nxd4 e5 21. g4 Qh3 22. Bxg5 exd4 23. Be4 d3 24. Qg2 1-0

[Event "Late-Titled-Tuesday-Blitz-October-03-2023"]
[Site "Chess.com"]
[Date "2023.10.03"]
[Round "5"]
[White "babero_gordo"]
[Black "falzehope0"]
[Result "0-1"]
[WhiteElo "1937"]
[BlackElo "2360"]
[TimeControl "180+1"]
[EndTime "14:51:06 PDT"]
[Termination "falzehope0 won by resignation"]

1. e4 d5 2. exd5 Nf6 3. Bb5+ Nbd7 4. Nc3 a6 5. Be2 Nb6 6. d4 Nbxd5 7. Nf3 g6 8. O-O Bg7 9. Nxd5 Nxd5 10. a3 O-O 11.
c4 Nf6 12. h3 b6 13. Bf4 Bb7 14. Re1 c5 15. dxc5 bxc5 16. Qxd8 Rfxd8 17. Rad1 Ne4 18. Bd3 f5 19. Bc7 Rd7 20. Bb6 Bxb2 21. Bxe4 Rxd1 22. Rxd1 fxe4 23. Ne5 Bxe5 0-1

[Event "Late-Titled-Tuesday-Blitz-October-03-2023"]
[Site "Chess.com"]
[Date "2023.10.03"]
[Round "5"]
[White "jguerramzllo"]
[Black "Marasmus01"]
[Result "1-0"]
[WhiteElo "2726"]
[BlackElo "2507"]
[TimeControl "180+1"]
[EndTime "14:51:20 PDT"]
[Termination "jguerramzllo won by resignation"]

1. e4 g6 2. d4 Bg7 3. Nc3 d6 4.
Be3 Nf6 5. f3 O-O 6. Qd2 Nbd7 7.
h4 e5 8. Nge2 exd4 9. Nxd4 Ne5 10.
O-O-O Be6 11. Bh6 Bc4 12. Bxg7 Kxg7 13. h5 Ng8 14. hxg6 hxg6 15. f4 Bxf1 16. Rdxf1 Nc4 17.
Qd3 Nb6 18. Qh3 1-0

[Event "Late-Titled-Tuesday-Blitz-October-03-2023"]
[Site "Chess.com"]
[Date "2023.10.03"]
[Round "5"]
[White "Dacean99"]
[Black "davigator"]
[Result "1-0"]
[WhiteElo "2540"]
[BlackElo "2300"]
[TimeControl "180+1"]
[EndTime "14:51:44 PDT"]
[Termination "Dacean99 won by resignation"]

1. e4 c5 2. Nf3 Nc6 3. d4 cxd4 4. Nxd4 Nf6 5. Nc3 d6 6. f3 e5 7.
Nb3 Be6 8. Be3 Be7 9. Qd2 O-O 10. Rd1 a5 11. Nd5 Bxd5 12. exd5 Nb8 13. c4 a4 14. Nc1 Nbd7 15. Bd3 Qa5 16. g4 Qxd2+ 17. Kxd2 Rfc8 18. h4 Nc5 19. Bf5 Rc7 20. g5 Nfd7 21.
Ne2 g6 22. Bg4 Nb6 23. Rc1 f6 24. gxf6 Bxf6 25. Ng3 e4 26. Bxc5 dxc5 27. Nxe4 Bxb2 28. Rc2 Bd4 29. d6 Rg7 30. Be6+ Kh8 31. Kd3 Rd8 32. h5 gxh5 33. Rxh5 Re8 34. Bf5 Nd7 35.
Bxd7 Rxd7 36. Rch2 Rf8 37. R2h3 b6 38. Ng5 Rf5 39.
Rxh7+ Rxh7 40. Rxh7+ Kg8 41. d7 Bf6 42. Rf7 Rf4 43.
d8=Q+ Bxd8 44. Rxf4 Bxg5 45. Rg4 1-0

[Event "Late-Titled-Tuesday-Blitz-October-03-2023"]
[Site "Chess.com"]
[Date "2023.10.03"]
[Round "5"]
[White "Saraisitave"]
[Black "AlejandroBalde"]
[Result "1-0"]
[WhiteElo "2284"]
[BlackElo "2091"]
[TimeControl "180+1"]
[EndTime "14:51:49 PDT"]
[Termination "Saraisitave won on time"]

1. e4 c5 2. Nc3 Nc6 3. Nf3 g6 4. Bb5 Bg7 5. O-O d6 6. Re1 a6 7. Bf1 e6 8. d3 Nge7 9. Be3 Nd4 10. g3 b5 11. Bg2 b4 12. Ne2 Nxe2+ 13. Qxe2 Bxb2 14. d4 Bxa1 15. Rxa1 cxd4 16. Nxd4 Qc7 17. e5 d5 18. Bg5 Nc6 19. Bf6 Nxd4 20. Qd3 O-O 21. Qxd4 Qc3 22. Qf4 Qxa1+ 23. Bf1 1-0

[Event "Late-Titled-Tuesday-Blitz-October-03-2023"]
[Site "Chess.com"]
[Date "2023.10.03"]
[Round "5"]
[White "MajorCoast"]
[Black "Langua_Chess"]
[Result "0-1"]
[WhiteElo "2254"]
[BlackElo "2496"]
[TimeControl "180+1"]
[EndTime "14:51:53 PDT"]
[Termination "Langua_Chess won by resignation"]

1. d4 d5 2. Nf3 Nf6 3. c3 Bf5 4. c4 e6 5. Nc3 Bb4 6. Ne5 O-O 7.
Qb3 a5 8. Bd2 Nc6 9. Nxc6 bxc6 10. e3 Rb8 11. Qa4 Ne4 12. Nxe4 Bxe4 13. Bxb4 Rxb4 14.
Qa3 Qh4 15. c5 Rfb8 16. b3 a4 17. h3 h6 18. Rg1 axb3 19. axb3 Rxb3 20. Qa2 Rb2 21. g3 Rxa2 0-1

[Event "Late-Titled-Tuesday-Blitz-October-03-2023"]
[Site "Chess.com"]
[Date "2023.10.03"]
[Round "5"]
[White "ArtemDyachuk"]
[Black "HanSchut"]
[Result "1-0"]
[WhiteElo "2681"]
[BlackElo "2346"]
[TimeControl "180+1"]
[EndTime "14:51:55 PDT"]
[Termination "ArtemDyachuk won by resignation"]

1. e4 c5 2. Nf3 d6 3. d4 cxd4 4. Nxd4 Nf6 5. Nc3 a6 6. Qf3 g6 7. h3 Bg7 8. Be3 O-O 9. O-O-O Nbd7 10. g4 Ne5 11. Qg2 Be6 12. Nxe6 fxe6 13. f4 Nc6 14. g5 Ne8 15. Qg4 Nc7 16. Bc4 Qc8 17. Na4 b5 18. Nb6 Qb7 19. Bxe6+ Nxe6 20. Qxe6+ Kh8 21. Nxa8 Rxa8 22.
h4 Rc8 23. h5 gxh5 24. Rxh5 Nb4 25. Rxh7+ Kxh7 26. Rh1+ Bh6 27. Qf7+ 1-0

[Event "Late-Titled-Tuesday-Blitz-October-03-2023"]
[Site "Chess.com"]
[Date "2023.10.03"]
[Round "5"]
[White "Zq1"]
[Black "carlospaul1990"]
[Result "1-0"]
[WhiteElo "2522"]
[BlackElo "2340"]
[TimeControl "180+1"]
[EndTime "14:51:55 PDT"]
[Termination "Zq1 won by resignation"]

1. d4 Nf6 2. c4 e6 3. Nf3 d5 4. e3 c6 5. Nbd2 Bd6 6. Bd3 Nbd7 7. O-O O-O 8. e4 dxe4 9. Nxe4 Nxe4 10. Bxe4 f5 11. Bc2 e5 12. dxe5 Nxe5 13. Re1 Nxf3+ 14. Qxf3 Qc7 15. h3 Bd7 16. Be3 Be5 17. Rad1 Rae8 18.
b3 c5 19. Qd5+ Kh8 20. Qxd7 Qxd7 21. Rxd7 Bd4 22. Kf1 1-0

[Event "Late-Titled-Tuesday-Blitz-October-03-2023"]
[Site "Chess.com"]
[Date "2023.10.03"]
[Round "5"]
[White "nicholas_ilic"]
[Black "andjela_djidjika"]
[Result "1-0"]
[WhiteElo "2206"]
[BlackElo "1976"]
[TimeControl "180+1"]
[EndTime "14:51:57 PDT"]
[Termination "nicholas_ilic won by resignation"]

1. e4 c5 2. b3 Nc6 3. Bb2 d6 4. f4 e6 5. Nf3 Nf6 6. Nc3 Be7 7.
Bb5 Bd7 8. O-O O-O 9. Qe2 a6 10. Bxc6 Bxc6 11. Rad1 b5 12. d3 Qb6 13. Kh1 a5 14. e5 Nd7 15. Ne4 dxe5 16. Nxe5 Nf6 17.
Nxc6 Qxc6 18. Nxf6+ Bxf6 19. Bxf6 gxf6 20. Rf3 Kh8 21. Rh3 Rg8 22. Rg1 Qd5 23. Rh5 Rg7 24. Rxd5 1-0

[Event "Late-Titled-Tuesday-Blitz-October-03-2023"]
[Site "Chess.com"]
[Date "2023.10.03"]
[Round "5"]
[White "jup1978"]
[Black "miraitrunks"]
[Result "0-1"]
[WhiteElo "2493"]
[BlackElo "2216"]
[TimeControl "180+1"]
[EndTime "14:52:01 PDT"]
[Termination "miraitrunks won by resignation"]

1. d4 d5 2. c4 Bf5 3. cxd5 Bxb1 4. Rxb1 Qxd5 5. Nf3 Qxa2 6. Bd2 Nf6 7. e3 Ne4 8. Bb4 Nc6 9. Ba3 e5 10. Qc2 Bxa3 11.
Bc4 Bb4+ 12. Ke2 Nc3+ 13. Qxc3 Bxc3 14. Bxa2 Bb4 15. Bd5 exd4 16. Bxc6+ bxc6 17. Nxd4 c5 18. Nf3 O-O-O 19. Rhd1 f6 20. Ra1 Kb7 21. Nh4 g6 22. Nf3 a5 23. b3 Kb6 24. h3 Rd6 25. Rdc1 Rhd8 26. Rc2 Kb5 27. Nh2 Rd2+ 28. Rxd2 Rxd2+ 29. Kf3 Rb2 30. Ng4 Rxb3 31. Ra2 Bc3 32. Ke4 f5+ 0-1

[Event "Late-Titled-Tuesday-Blitz-October-03-2023"]
[Site "Chess.com"]
[Date "2023.10.03"]
[Round "5"]
[White "Sacbutt"]
[Black "maurovargas01"]
[Result "1-0"]
[WhiteElo "2257"]
[BlackElo "1916"]
[TimeControl "180+1"]
[EndTime "14:52:02 PDT"]
[Termination "Sacbutt won on time"]

1. d4 d5 2. c4 c6 3. Nf3 e6 4. Nc3 dxc4 5. a4 Bb4 6. e3 b5 7. Bd2 a5 8. axb5 Bxc3 9. Bxc3 cxb5 10. b3 Bb7 11. bxc4 b4 12. Bb2 Nf6 13. Bd3 O-O 14. O-O Nbd7 15. Qe2 Nb6 16. Ne5 a4 17. c5 Nbd5 18. c6 Bc8 19. Bc2 a3 20. Bc1 Ba6 21.
Bd3 Nc3 22. Qc2 Bxd3 23. Qxd3 Qc7 24. Bxa3 Ncd5 25. Bb2 Rfb8 26. g3 Rxa1 27. Rxa1 b3 28. e4 Nb4 29. Qxb3 Nxc6 30. Qc2 Nxe5 31. Qxc7 1-0

[Event "Late-Titled-Tuesday-Blitz-October-03-2023"]
[Site "Chess.com"]
[Date "2023.10.03"]
[Round "5"]
[White "Lion_DL"]
[Black "YellowJacek"]
[Result "1-0"]
[WhiteElo "2489"]
[BlackElo "2290"]
[TimeControl "180+1"]
[EndTime "14:52:03 PDT"]
[Termination "Lion_DL won by resignation"]

1. e4 e5 2. f4 Nf6 3. fxe5 Nxe4 4. Nf3 d5 5. d3 Nc5 6. d4 Ne4 7. Bd3 Bg4 8. O-O Qd7 9. Nbd2 Nxd2 10. Bxd2 Nc6 11.
c3 Be7 12. Qc2 O-O-O 13. b4 Kb8 14. a4 f6 15. exf6 Bxf6 16. a5 Bxf3 17. gxf3 g6 18. Kh1 Rhf8 19. b5 Ne7 20. b6 a6 21.
Bf4 Rc8 22. Rab1 Ka8 23. bxc7 Bh4 24. Qd2 g5 25. Be5 Nc6 26. Bxa6 bxa6 27. Qd3 Ka7 28.
Rb6 1-0

[Event "Late-Titled-Tuesday-Blitz-October-03-2023"]
[Site "Chess.com"]
[Date "2023.10.03"]
[Round "5"]
[White "Yushko_Olga"]
[Black "mestrefeitosa19"]
[Result "1-0"]
[WhiteElo "2113"]
[BlackElo "2260"]
[TimeControl "180+1"]
[EndTime "14:52:03 PDT"]
[Termination "Yushko_Olga won by resignation"]

1. d4 d5 2. c4 e6 3. cxd5 exd5 4.
Nc3 Nf6 5. Nf3 Be7 6. Bg5 O-O 7. e3 h6 8. Bh4 b6 9. Bd3 Bb7 10. Rc1 Nbd7 11. Bb1 c5 12. Qc2 Ne4 13. Bg3 Ndf6 14. O-O Rc8 15. Qa4 Bc6 16. Qxa7 Ra8 17. Qc7 Nxc3 18.
Rxc3 Bb5 19. Rfc1 Rc8 20. Qxd8 Rfxd8 21. Bf5 Rc6 22. Ne5 Rc7 23. Nxf7 Ra7 24. Nxd8 Bxd8 25. dxc5 bxc5 26. Rxc5 Bc4 27. Rc8 1-0

[Event "Late-Titled-Tuesday-Blitz-October-03-2023"]
[Site "Chess.com"]
[Date "2023.10.03"]
[Round "5"]
[White "RichardLeyvaP"]
[Black "kingofthenil"]
[Result "1-0"]
[WhiteElo "2607"]
[BlackElo "2783"]
[TimeControl "180+1"]
[EndTime "14:52:05 PDT"]
[Termination "RichardLeyvaP won by resignation"]

1. e4 Nc6 2. Nf3 d5 3. exd5 Qxd5 4. Nc3 Qh5 5. Be2 Bg4 6. Ne4 O-O-O 7. Ng3 Qa5 8. c3 e5 9. b4 Qd5 10. h3 Bxf3 11.
Bxf3 e4 12. Bxe4 Re8 13. O-O Rxe4 14. Nxe4 Nxb4 15. cxb4 Qxe4 16. Re1 Qxb4 17. Bb2 Nf6 18. Bxf6 gxf6 19. Rb1 Qd4 20. Re8+ Kd7 21. Qe2 Qf4 22. g3 Qf5 23. Rxb7 Bg7 24. Rxh8 Bxh8 25. Rb8 Bg7 26.
Qb5+ Qxb5 27. Rxb5 Kc6 28. Rh5 h6 29. Kf1 Bf8 30.
Ke2 Kd6 31. Kd3 c5 32. Kc4 Kc6 33. Rf5 Be7 34. a4 Kb6 35. a5+ Kxa5 36. Rd5 Kb6 37. Rd7 Bf8 38. Rxf7 Bg7 39. Rxg7 1-0

[Event "Late-Titled-Tuesday-Blitz-October-03-2023"]
[Site "Chess.com"]
[Date "2023.10.03"]
[Round "5"]
[White "fyall777"]
[Black "chessajedrezz2020"]
[Result "1-0"]
[WhiteElo "2518"]
[BlackElo "2698"]
[TimeControl "180+1"]
[EndTime "14:52:06 PDT"]
[Termination "fyall777 won on time"]

1. d4 d5 2. c4 e6 3. Nc3 Be7 4.
Nf3 Nf6 5. Bg5 O-O 6. cxd5 exd5 7. e3 c6 8. Bd3 Nfd7 9. Bf4 Bf6 10. Qc2 h6 11.
O-O-O Na6 12. Bxa6 bxa6 13. g4 Nb6 14. Rhg1 g5 15.
Be5 Nc4 16. h4 Nxe5 17. dxe5 Bg7 18. hxg5 hxg5 19. Ne4 Re8 20. Nfxg5 Be6 21. Nxe6 Rxe6 22. g5 Kf8 23. Nf6 Rxe5 24. Qh7 Bxf6 25. gxf6 1-0

[Event "Late-Titled-Tuesday-Blitz-October-03-2023"]
[Site "Chess.com"]
[Date "2023.10.03"]
[Round "5"]
[White "rdarruda"]
[Black "Quattroporte300"]
[Result "1-0"]
[WhiteElo "2468"]
[BlackElo "2343"]
[TimeControl "180+1"]
[EndTime "14:52:10 PDT"]
[Termination "rdarruda won by resignation"]

1. d4 d5 2. Nf3 g6 3. c4 dxc4 4. e4 Bg7 5. Bxc4 e6 6. Nc3 Ne7 7. Bg5 h6 8. Bh4 O-O 9. Qd2 b6 10. O-O-O Bb7 11. Rhe1 a6 12. d5 b5 13. Bb3 b4 14. Na4 g5 15. Bg3 exd5 16. exd5 Nf5 17. Nc5 Bc8 18. Be5 Nd7 19. Bxg7 Nxg7 20. Qxb4 Rb8 21.
Qc3 Nxc5 22. Qxc5 Bf5 23. Re7 Rb7 24. Nd4 Bg6 25. Nc6 Qc8 26. Re5 Qg4 27. Ne7+ Kh7 28. Nxg6 Kxg6 29. Qxf8 Qf4+ 30. Re3 1-0

[Event "Late-Titled-Tuesday-Blitz-October-03-2023"]
[Site "Chess.com"]
[Date "2023.10.03"]
[Round "5"]
[White "UK_23"]
[Black "Horokoskii"]
[Result "1-0"]
[WhiteElo "2397"]
[BlackElo "2100"]
[TimeControl "180+1"]
[EndTime "14:52:12 PDT"]
[Termination "UK_23 won by checkmate"]

1. e4 c5 2. Nf3 d6 3. Bb5+ Nc6 4. O-O g6 5. c3 Bg7 6. d4 cxd4 7. cxd4 Bd7 8. Nc3 Nf6 9. e5 dxe5 10. dxe5 Nh5 11. Re1 O-O 12. Bg5 h6 13. Bh4 g5 14. Bg3 a6 15. Bc4 Nxg3 16. hxg3 Bg4 17. Qxd8 Raxd8 18. e6 Bxe6 19. Bxe6 fxe6 20. Rxe6 g4 21. Nh4 Rd2 22. Ne4 Rxb2 23. Rd1 Bd4 24. Ng6 Bxf2+ 25. Kh2 Rf5 26. Rxc6 Rh5+ 27. Nh4 bxc6 28. Rd7 Rb1 29.
Nxf2 Ra5 30. Nxg4 Rxa2 31. Rxe7 Rbb2 32. Nf6+ Kf8 33. Ng6# 1-0

[Event "Late-Titled-Tuesday-Blitz-October-03-2023"]
[Site "Chess.com"]
[Date "2023.10.03"]
[Round "5"]
[White "Rozhkov_V"]
[Black "RebecaJimnz"]
[Result "1-0"]
[WhiteElo "2441"]
[BlackElo "2209"]
[TimeControl "180+1"]
[EndTime "14:52:14 PDT"]
[Termination "Rozhkov_V won by checkmate"]

1. c4 c5 2. g3 Nc6 3. Bg2 g6 4.
Nc3 Bg7 5. e3 d6 6. Nge2 e5 7. O-O Be6 8. d3 Nge7 9. Nd5 O-O 10.
Nec3 f5 11. a3 Qd7 12. Rb1 g5 13. f4 exf4 14. gxf4 g4 15. b4 Rae8 16. bxc5 dxc5 17.
Nxe7+ Rxe7 18. Nd5 Ree8 19. Bb2 b6 20. Qd2 Ne7 21.
Bxg7 Kxg7 22. Qc3+ Kg6 23. e4 Nxd5 24. cxd5 Bf7 25.
exf5+ Qxf5 26. Be4 Rxe4 27. dxe4 Qxe4 28. f5+ Kh5 29.
Qg7 Qe3+ 30. Rf2 h6 31. Qxf8 Bxd5 32. Qf6 Qe4 33. Qg6+ Kh4 34. Qxh6# 1-0

[Event "Late-Titled-Tuesday-Blitz-October-03-2023"]
[Site "Chess.com"]
[Date "2023.10.03"]
[Round "5"]
[White "dennisodessa"]
[Black "Mbneu"]
[Result "1-0"]
[WhiteElo "2468"]
[BlackElo "2230"]
[TimeControl "180+1"]
[EndTime "14:52:15 PDT"]
[Termination "dennisodessa won by resignation"]

1. d4 Nf6 2. c4 c5 3. d5 e6 4. Nc3 exd5 5. cxd5 d6 6. e4 g6 7. Bd3 Bg7 8. h3 O-O 9. Nf3 b5 10. Bxb5 Nxe4 11. Nxe4 Qa5+ 12. Nfd2 Qxb5 13. Nxd6 Qa6 14. N2c4 Nd7 15. O-O Ne5 16. Nxe5 Bxe5 17. Nxc8 Raxc8 18. Qf3 Rfd8 19. Rd1 Bd4 20. Bg5 Rd7 21.
Rac1 Re8 22. Be3 Qxa2 23. Bxd4 cxd4 24. Rxd4 Qxb2 25. Rcd1 a5 26. d6 Qe2 27. Qa3 Re5 28.
Qc3 Rf5 29. Qc8+ Kg7 30. Qxd7 Rxf2 31. Qg4 Qe3 32. Kh1 a4 33. d7 1-0

[Event "Late-Titled-Tuesday-Blitz-October-03-2023"]
[Site "Chess.com"]
[Date "2023.10.03"]
[Round "5"]
[White "SanchezKelvin"]
[Black "Dr_crypt"]
[Result "1-0"]
[WhiteElo "2571"]
[BlackElo "2437"]
[TimeControl "180+1"]
[EndTime "14:52:16 PDT"]
[Termination "SanchezKelvin won by resignation"]

1. e4 e5 2. Nf3 Nf6 3. Nc3 Nc6 4. d4 exd4 5. Nd5 d6 6. Bb5 Bd7 7. Bg5 Be7 8. Bxc6 bxc6 9. Nxe7 Qxe7 10. Bxf6 Qxe4+ 11.
Kf1 gxf6 12. Qd2 O-O 13. Re1 Qg6 14. Re7 Rad8 15. h4 c5 16. h5 Qg7 17. Rxd7 Rxd7 18.
Rh3 f5 19. Rg3 f6 20. Rxg7+ Rxg7 21. Qf4 Re7 22. Qxf5 Re5 23. Nxe5 fxe5 24. Qe6+ Kg7 25. h6+ Kh8 26. Qe7 1-0

[Event "Late-Titled-Tuesday-Blitz-October-03-2023"]
[Site "Chess.com"]
[Date "2023.10.03"]
[Round "5"]
[White "KaydenTroffChess"]
[Black "MathiasWomacka"]
[Result "1-0"]
[WhiteElo "2752"]
[BlackElo "2523"]
[TimeControl "180+1"]
[EndTime "14:52:21 PDT"]
[Termination "KaydenTroffChess won on time"]

1. d4 Nf6 2. Nf3 e6 3. Bf4 c5 4. e3 d5 5. Nc3 Bd6 6. dxc5 Bxf4 7. exf4 Qa5 8. Qd4 Nc6 9. Bb5 O-O 10. Bxc6 bxc6 11.
O-O Rb8 12. Rfb1 Rb4 13. Qe3 d4 14. Nxd4 Qxc5 15. Nb3 Qd6 16. g3 Nd5 17. Rd1 Ba6 18. Qxa7 Bc4 19. Qc5 Qxc5 20. Nxc5 Rxb2 21. N3e4 Ra8 22.
a4 1-0

[Event "Late-Titled-Tuesday-Blitz-October-03-2023"]
[Site "Chess.com"]
[Date "2023.10.03"]
[Round "5"]
[White "Schwindle"]
[Black "Maestro1986"]
[Result "0-1"]
[WhiteElo "2407"]
[BlackElo "2557"]
[TimeControl "180+1"]
[EndTime "14:52:27 PDT"]
[Termination "Maestro1986 won by resignation"]

1. e4 c5 2. Nf3 Nf6 3. Nc3 d5 4. e5 d4 5. exf6 dxc3 6. fxg7 cxd2+ 7. Bxd2 Bxg7 8. Bb5+ Bd7 9. Bxd7+ Qxd7 10. O-O Nc6 11.
Qe2 O-O-O 12. Bc3 Bxc3 13. bxc3 Rhg8 14. Rab1 Rg6 15. Rfd1 Rd6 16. Re1 Rg8 17. Ne5 Qh3 18. f4 Nxe5 19. fxe5 Rdg6 20. g3 Rxg3+ 0-1

[Event "Late-Titled-Tuesday-Blitz-October-03-2023"]
[Site "Chess.com"]
[Date "2023.10.03"]
[Round "5"]
[White "AleksandrAleksikov"]
[Black "PNEPaul"]
[Result "1-0"]
[WhiteElo "2201"]
[BlackElo "1940"]
[TimeControl "180+1"]
[EndTime "14:52:27 PDT"]
[Termination "AleksandrAleksikov won on time"]

1. e4 e5 2. Nf3 Nc6 3. c3 Be7 4. d4 exd4 5. cxd4 d6 6. h3 Nf6 7. Nc3 O-O 8. Bd3 h6 9. O-O a6 10. Be3 b5 11. a3 Na5 12. Qc2 c5 13. Rfd1 c4 14. Be2 d5 15. e5 Ne8 16. Nd2 Be6 17. f4 Qd7 18. g4 f5 19. exf6 Bxf6 20. f5 Bf7 21. Nf3 Nd6 22. Ne5 Qc7 23. Bf4 Bg5 24. Bg3 Ne4 25. Nxe4 dxe4 26. Qxe4 Rae8 27. Kh2 Qc8 28.
Bf3 1-0